 Dungeon Crawl Stone Soup version 0.29-a0-872-g797fff5ad1 (webtiles) character file.

Game seed: 16018378088699567818

89693 LynnLen the Imperceptible (level 15, -19/93 HPs)
             Began as a Vampire Enchanter on July 18, 2022.
             Demolished by an ettin
             ... wielding a +1 great mace of draining
              (33 damage)
             ... on level 15 of the Dungeon on July 19, 2022.
             The game lasted 01:33:06 (27606 turns).

LynnLen the Imperceptible (Vampire Enchanter)      Turns: 27606, Time: 01:33:07

Health: -19/93     AC: 16    Str:  5    XL:     15   Next: 50%
Magic:  18/18      EV: 26    Int: 19    God:
Gold:   1694       SH:  7    Dex: 25    Spells: 4/18 levels left

rFire   + . .      SeeInvis +   T - +7 quick blade
rCold   + + .      Faith    .   C - +0 buckler
rNeg    + + +      Spirit   .   i - +2 steam dragon scales
rPois   ∞          Reflect  .   F - +2 hat
rElec   .          Harm     .   B - +1 cloak of Precision Catastrophes {rN+++ Str-4 Slay+5}
rCorr   .          Rampage  .   p - +0 pair of gloves
Will    +....                   w - +0 pair of boots Stlth *+++++++++
                                K - amulet of the acrobat
HPRegen 0.00/turn               t - +4 ring of slaying
MPRegen 0.16/turn               u - +6 ring of dexterity

@: bloodless, inhibited regen, unable to drink
A: bloodless, fangs 3, see invisible, vampiric 2, fire resistance 1, inability
to drink while threatened 1
a: Bat Form, Revivify


You were on level 15 of the Dungeon.
You visited 3 branches of the dungeon, and saw 21 of its levels.

You collected 2424 gold pieces.
You spent 730 gold pieces at shops.

Inventory:

Hand Weapons
 T - a +7 quick blade (weapon)
 U - the +5 dagger of the Distant Future {speed, Will+ Int+3 Dex+3}
   (You bought it in a shop on level 9 of the Dungeon)

   Attacks with this weapon are significantly faster.
   Int:       It affects your intelligence (+3).
   Dex:       It affects your dexterity (+3).
   Will:      It increases your willpower.
Missiles
 b - 28 poisoned darts
 k - 6 javelins
 V - 6 curare-tipped darts
Armour
 i - +2 steam dragon scales (worn)
 p - a +0 pair of gloves (worn)
 w - a +0 pair of boots (worn)
 B - the +1 cloak of Precision Catastrophes (worn) {rN+++ Str-4 Slay+5}
   (You found it on level 6 of the Dungeon)

   Str:       It affects your strength (-4).
   Slay:      It affects your accuracy & damage with ranged weapons and melee
   (+5).
   rN:        It renders you almost immune to negative energy.
 C - a +0 buckler (worn)
 F - a +2 hat (worn)
Jewellery
 e - a +4 ring of protection
 j - a ring of ice
 l - a ring of ice
 m - the ring "Maoni" {Fly rPois Int+6 Dex-2}
   (You found it on level 5 of the Lair of Beasts)

   [ring of flight]

   Int:       It affects your intelligence (+6).
   Dex:       It affects your dexterity (-2).
   rPois:     It protects you from poison.
   Fly:       It grants you flight.
 t - a +4 ring of slaying (left hand)
 u - a +6 ring of dexterity (right hand)
 y - a ring of fire
 G - an amulet of reflection
 K - an amulet of the acrobat (around neck)
 R - a ring of protection from cold
 S - a +6 ring of dexterity
Wands
 a - a wand of digging (12)
 c - a wand of quicksilver (3)
 A - a wand of mindburst (11)
 E - a wand of roots (19)
 H - a wand of paralysis (6) (quivered)
 O - a wand of flame (12)
Scrolls
 f - a scroll of magic mapping
 s - 5 scrolls of amnesia
 J - 7 scrolls of fear
 N - 2 scrolls of teleportation
 P - a scroll of silence
 Q - 2 scrolls of vulnerability
Potions
 d - 7 potions of attraction
 g - 4 potions of resistance
 h - a potion of lignification
 o - a potion of might
 q - 2 potions of curing
 r - 3 potions of flight
 x - 2 potions of cancellation
 D - 2 potions of magic
 I - a potion of haste
 L - 5 potions of brilliance
 Y - a potion of heal wounds
Miscellaneous
 z - a phial of floods (inert)
 M - a phial of floods (inert)


   Skills:
 + Level 10.8 Fighting
 - Level 10.0 Short Blades
 * Level 9.0 Armour
 + Level 15.2 Dodging
 + Level 21.9 Stealth
 + Level 8.2 Shields
 - Level 2.0 Spellcasting
 - Level 4.4 Hexes


You had 4 spell levels left.
You knew the following spells:

 Your Spells              Type           Power      Damage    Failure   Level
a - Confusing Touch       Hex            18%        N/A       11%         3
b - Tukima's Dance        Hex            18%        N/A       11%         3
c - Ensorcelled Hibernat  Hex/Ice        20%        N/A       13%         2
d - Summon Guardian Gole  Hex/Summ       10%        N/A       26%         3
e - Dazzling Flash        Conj/Hex       20%        N/A       26%         3

Your spell library contained the following spells:

 Spells                   Type           Power      Damage    Failure   Level
 Slow                     Hex            72%        N/A       3%          1
 Beastly Appendage        Tmut           2%         N/A       21%         1
 Summon Small Mammal      Summ           4%         N/A       21%         1
 Blink                    Tloc           2%         N/A       30%         2
 Wereblood                Tmut           1%         N/A       30%         2
 Call Canine Familiar     Summ           1%         N/A       52%         3
 Conjure Flame            Conj/Fire      1%         6-21      52%         3
 Gell's Gravitas          Tloc           1%         N/A       52%         3
 Ignite Poison            Fire/Tmut/Pois 1%         N/A       52%         3
 Lesser Beckoning         Tloc           1%         N/A       52%         3
 Ozocubu's Armour         Ice            1%         N/A       52%         3
 Spider Form              Tmut/Pois      1%         N/A       52%         3
 Teleport Other           Tloc           1%         N/A       52%         3
 Vampiric Draining        Necr           1%         2d6       52%         3
 Sticky Flame             Conj/Fire      1%         2d3       90%         4
 Metabolic Englaciation   Hex/Ice        5%         N/A       93%         5
 Fireball                 Conj/Fire      0%         3d3       99%         5
 Iskenderun's Battlesphe  Conj           1%         2d6       99%         5
 Manifold Assault         Tloc           1%         N/A       99%         5
 Conjure Ball Lightning   Conj/Air       0%         3x3d6     100%        6
 Iron Shot                Conj/Erth      0%         9d1       100%        6
 Simulacrum               Ice/Necr       0%         N/A       100%        6
 Orb of Destruction       Conj           0%         9d5       100%        7
 Spellforged Servitor     Conj/Summ      0%         N/A       100%        7
 Storm Form               Tmut/Air       0%         N/A       100%        7


Dungeon Overview and Level Annotations

Branches:
Dungeon (15/15)            Temple (1/1) D:7            Lair (5/5) D:11
 Shoals (0/4) Lair:3        Snake (0/4) Lair:2        Slime (0/5) Lair:5
    Orc (0/2) D:11         Vaults (0/5) D:13
 Depths: D:15

Altars:
Ashenzari
Cheibriados
Dithmenos
Fedhas
Gozag
Hepliaklqana
Kikubaaqudgha
Makhleb
Nemelex Xobeh
Okawaru
Qazlal
Ru
Sif Muna
Trog
Uskayaw
Vehumet
Wu Jian
Xom
Yredelemnul
Jiyva
Lugonu

Shops:
D:5 :   D:7 [   D:8 *(   D:9 (

Annotations:
Lair:2 2 transporters, exclusion: 2 oklob plants, Puis's ghost, journeyman DgIE
Lair:5 1 runed translucent door


Innate Abilities, Weirdness & Mutations

You do not regenerate when monsters are visible.
You are frail without blood (-20% HP).
You can heal yourself when you bite living creatures.
You are immune to poison.
You have razor-sharp teeth.
You have supernaturally acute eyesight. (SInv)
You are afflicted with vampirism and can become a bat while bloodless.
Your flesh is heat resistant. (rF+)
You occasionally lose the ability to drink potions when taking damage.


Message History

The tengu warrior hits your slime creature with a +0 long sword!!
The tengu warrior pecks your slime creature.
The tengu warrior claws your slime creature.
Unknown command.
The tengu warrior unwields a +1 vampiric war axe.
The tengu warrior wields a +0 sling.
The tengu warrior shoots a sling bullet.
The sling bullet hits your slime creature!!
Your slime creature dies!
Your slime creature dissolves into shadows!
Your orc knight hits the tengu warrior with a +1 vorpal war axe.
The sentinel's mark upon you fades away.
You puncture the tengu warrior!
You bite the tengu warrior, but do no damage.
The tengu warrior is moderately wounded.
The two-headed ogre hits your orc knight with a +0 giant club!
The two-headed ogre hits your orc knight with a +0 giant spiked club!!
You miss the tengu warrior.
You bite the tengu warrior, but do no damage.
The tengu warrior is moderately wounded.
The tengu warrior hits your orc knight with a +0 great mace!
Your orc knight dies!
Your orc knight's corpse dissolves into shadows!
You barely miss the tengu warrior.
The tengu warrior is moderately wounded.
The tengu warrior hits you with a +0 long sword!
The tengu warrior completely misses you.
You block the tengu warrior's attack.
You hit the tengu warrior.
The tengu warrior is moderately wounded.
You hit the tengu warrior. You bite the tengu warrior!
You draw the tengu warrior's blood!
You feel better.
The tengu warrior is heavily wounded.
You puncture the ettin! You bite the ettin, but do no damage.
The ettin is moderately wounded.
The ettin hits you with a +1 great mace of draining!!
You feel threatened and lose the ability to drink potions!
* * * LOW HITPOINT WARNING * * *
The ettin hits you with a +0 dire flail!!
You die...

.......###..##
.............#
...B.......#
.......#...#
.......DQ)Q#
.......QOOT#
.....####Q.###
..... #.OQC.#
..... ##..@##
#####


You could see a five-headed hydra (soul bound), an ettin (soul bound), 3 tengu
warriors, 3 two-headed ogres, a deep troll (soul bound) and 2 tengu conjurers.

Vanquished Creatures
  Rupert (D:14)
  A boulder beetle (D:13)
  An ogre mage (D:15)
  6 hydras
  3 vault guards (D:13)
  2 centaur warriors
  4 two-headed ogres
  10 death yaks
  An alligator (Lair:3)
  4 skeletal warriors (D:13)
  2 goliath frogs (Lair:5)
  A necromancer (D:13)
  Pikel (D:7)
  3 wizards (D:13)
  A lindwurm (Lair:4)
  2 orc knights
  A manticore (Lair:3)
  4 ugly things
  2 deep elf pyromancers
  A black mamba (shapeshifter) (D:15)
  24 elephants
  A merfolk siren (Lair:3)
  14 black mambas
  Joseph (D:7)
  21 cane toads
  Maggie (D:6)
  2 unseen horrors
  8 komodo dragons
  A tengu conjurer (D:14)
  An efreet (D:14)
  5 yaktaurs
  2 torpor snails (Lair:3)
  A yaktaur (shapeshifter) (D:13)
  3 rime drakes
  3 trolls
  A queen bee (shapeshifter) (D:13)
  6 polar bears
  A polar bear (shapeshifter) (D:14)
  A wolf spider simulacrum (D:14)
  A hornet (D:8)
  32 blink frogs
  Prince Ribbit (D:8)
  3 tyrant leeches (Lair:5)
  A dream sheep (Lair:3)
  11 slime creatures
  2 wyverns
  Sigmund (D:3)
  A centaur simulacrum (D:14)
  2 vampires
  A spriggan (D:9)
  16 humans (D:13)
  A wraith (D:10)
  45 yaks
  A steam dragon (Lair:3)
  5 basilisks
  15 vampire mosquitoes
  Menkaure (D:7)
  A warg (D:14)
  18 water moccasins
  3 acid dragons
  18 orc warriors
  A sky beast (D:6)
  3 black bears
  8 ogres
  10 wolves
  A lemure (D:7)
  8 centaurs
  A phantom (D:4)
  Blork the orc (D:6)
  2 kobold brigands (D:6)
  19 bullfrogs
  4 gnoll sergeants
  A scorpion (D:4)
  9 wights
  16 killer bees
  A howler monkey (D:11)
  9 orc priests
  2 hounds
  3 iguanas
  8 orc wizards
  16 gnolls
  7 adders
  2 shadow imps
  An ufetubus (D:3)
  2 worms
  2 dart slugs
  55 orcs
  6 ball pythons
  3 endoplasms
  4 giant cockroaches
  5 goblins
  6 hobgoblins
  2 quokkas
  3 training dummies (D:8)
  6 bats
  5 frilled lizards
  14 kobolds
  5 rats
  A butterfly (Lair:5)
580 creatures vanquished.

Vanquished Creatures (collateral kills)
  A boulder beetle (D:15)
  A centaur warrior (D:15)
  A death yak (Lair:3)
  A necromancer (D:15)
4 creatures vanquished.

Vanquished Creatures (others)
  An orc wizard (D:6)
  A kobold (D:3)
  41 fungi
  104 plants
  A withered plant (D:11)
148 creatures vanquished.

Grand Total: 732 creatures vanquished

Notes
Turn   | Place    | Note
-------+----------+-------------------------------------------
     0 | D:1      | LynnLen the Vampire Enchanter began the quest for the Orb.
     0 | D:1      | Reached XP level 1. HP: 13/13 MP: 3/3
   390 | D:1      | Reached XP level 2. HP: 16/16 MP: 5/5
   518 | D:1      | Reached skill level 5 in Stealth
  1324 | D:2      | Reached skill level 1 in Fighting
  1428 | D:2      | Found a faded altar of an unknown god.
  1473 | D:2      | Gained mutation: You are afflicted with vampirism and can
                  | become a bat while bloodless. [Vampire growth]
  1473 | D:2      | Reached XP level 3. HP: 20/20 MP: 6/6
  1477 | D:2      | Learned a level 3 spell: Confusing Touch
  1481 | D:2      | Learned a level 3 spell: Tukima's Dance
  2160 | D:3      | Noticed Sigmund
  2163 | D:3      | Killed Sigmund
  2164 | D:3      | Reached skill level 6 in Stealth
  2164 | D:3      | Reached XP level 4. HP: 26/26 MP: 7/7
  2164 | D:3      | Reached XP level 5. HP: 30/30 MP: 8/8
  2209 | D:3      | Found a radiant altar of Vehumet.
  2215 | D:3      | Reached skill level 7 in Stealth
  2915 | D:4      | Reached XP level 6. HP: 35/35 MP: 9/9
  3027 | D:4      | Reached skill level 8 in Stealth
  3175 | D:4      | Found a shimmering altar of Xom.
  3284 | D:4      | Reached XP level 7. HP: 40/40 MP: 10/10
  3454 | D:4      | Reached skill level 9 in Stealth
  3640 | D:5      | Entered Level 5 of the Dungeon
  3649 | D:5      | Found Keusag's Vocational Training.
  3675 | D:5      | Reached skill level 5 in Short Blades
  3937 | D:5      | Reached skill level 10 in Stealth
  5029 | D:5      | Learned a level 2 spell: Ensorcelled Hibernation
  5068 | D:5      | Reached XP level 8. HP: 25/46 MP: 11/11
  5694 | D:6      | Noticed Maggie
  5711 | D:6      | Killed Maggie
  5712 | D:6      | Reached skill level 11 in Stealth
  6309 | D:6      | Found a shadowy altar of Dithmenos.
  6309 | D:6      | Identified the +1 cloak of Precision Catastrophes {rN+++
                  | Str-4 Slay+5}
  6408 | D:6      | Noticed Blork the orc
  6415 | D:6      | Killed Blork the orc
  6638 | D:6      | Reached skill level 5 in Dodging
  6682 | D:6      | Reached XP level 9. HP: 38/52 MP: 12/12
  6997 | D:6      | Found a shimmering blue altar of Sif Muna.
  7003 | D:6      | Found an iron altar of Okawaru.
  7003 | D:6      | Found a sparkling altar of Nemelex Xobeh.
  7003 | D:6      | Found a broken altar of Ashenzari.
  7006 | D:6      | Found a sacrificial altar of Ru.
  7007 | D:6      | Found a hide-covered altar of Uskayaw.
  7008 | D:6      | Found a snail-covered altar of Cheibriados.
  7143 | D:7      | Noticed Joseph
  7160 | D:7      | Killed Joseph
  7328 | D:7      | Noticed Menkaure
  7337 | D:7      | Killed Menkaure
  7365 | D:7      | Found a staircase to the Ecumenical Temple.
  7383 | Temple   | Entered the Ecumenical Temple
  7507 | D:7      | Noticed Pikel
  7524 | D:7      | Killed Pikel
  7525 | D:7      | Reached skill level 5 in Fighting
  7525 | D:7      | Reached skill level 12 in Stealth
  7547 | D:7      | Noticed a troll
  7560 | D:7      | Killed a troll
  7845 | D:7      | Found Galile's Antique Armour Emporium.
  7954 | D:8      | Noticed Prince Ribbit
  7959 | D:8      | Killed Prince Ribbit
  8147 | D:8      | Found Guocion's Firing Range.
  8186 | D:8      | Reached XP level 10. HP: 60/60 MP: 13/13
  8484 | D:8      | Reached skill level 13 in Stealth
  8929 | D:8      | Found Zuvvith's Assorted Antiques.
  9204 | D:9      | Found Kumev's Weapon Boutique.
  9282 | D:9      | Noticed a two-headed ogre
  9290 | D:9      | Killed a two-headed ogre
  9291 | D:9      | Reached skill level 14 in Stealth
  9655 | D:9      | Reached skill level 10 in Short Blades
  9788 | D:9      | Found a burning altar of Makhleb.
  9791 | D:9      | Noticed an angel
  9791 | D:9      | Noticed a cacodemon
  9911 | D:9      | Reached skill level 15 in Stealth
 10008 | D:9      | Reached skill level 1 in Shields
 10021 | D:9      | Reached skill level 1 in Armour
 10442 | D:9      | Noticed an angel
 10452 | D:9      | Found a basalt altar of Yredelemnul.
 10454 | D:9      | Noticed a profane servitor
 10527 | D:9      | Reached XP level 11. HP: 57/66 MP: 14/14
 10743 | D:10     | Entered Level 10 of the Dungeon
 10757 | D:10     | Learned a level 3 spell: Summon Guardian Golem
 10761 | D:10     | Learned a level 3 spell: Dazzling Flash
 11286 | D:10     | Found a stormy altar of Qazlal.
 11382 | D:10     | Reached skill level 16 in Stealth
 11763 | D:11     | Found a basalt altar of Yredelemnul.
 12751 | D:11     | Noticed an orc knight
 12809 | D:11     | Killed an orc knight
 12881 | D:11     | Found a staircase to the Orcish Mines.
 13222 | D:11     | Found a staircase to the Lair.
 13679 | D:11     | Gained mutation: You have sharp toenails. [potion of
                  | mutation]
 13679 | D:11     | Lost mutation: You have sharp toenails. [potion of
                  | mutation]
 13679 | D:11     | Gained mutation: You expend magic power (3 MP) to
                  | strengthen your wands. [potion of mutation]
 13680 | D:11     | Lost mutation: You expend magic power (3 MP) to strengthen
                  | your wands. [potion of mutation]
 13680 | D:11     | Gained mutation: Your spells are a little easier to cast,
                  | but a little less powerful. [potion of mutation]
 13680 | D:11     | Gained mutation: You expend magic power (3 MP) to
                  | strengthen your wands. [potion of mutation]
 13681 | D:11     | Lost mutation: Your spells are a little easier to cast, but
                  | a little less powerful. [potion of mutation]
 13681 | D:11     | Lost mutation: You expend magic power (3 MP) to strengthen
                  | your wands. [potion of mutation]
 13681 | D:11     | Gained mutation: You occasionally lose the ability to drink
                  | potions when taking damage. [potion of mutation]
 13681 | D:11     | Gained mutation: Your flesh is heat resistant. (rF+)
                  | [potion of mutation]
 13685 | Lair:1   | Entered Level 1 of the Lair of Beasts
 13869 | Lair:1   | Noticed a death yak
 13870 | Lair:1   | Noticed a death yak
 13871 | Lair:1   | Noticed a death yak
 13872 | Lair:1   | Noticed a death yak
 13872 | Lair:1   | Noticed a death yak
 13895 | Lair:1   | Killed a death yak
 13902 | Lair:1   | Killed a death yak
 13915 | Lair:1   | Killed a death yak
 13916 | Lair:1   | Reached skill level 17 in Stealth
 13926 | Lair:1   | Killed a death yak
 13927 | Lair:1   | Reached XP level 12. HP: 52/73 MP: 15/15
 13936 | Lair:1   | Killed a death yak
 14050 | Lair:1   | Reached skill level 10 in Dodging
 14517 | Lair:1   | Noticed a five-headed hydra
 14524 | Lair:1   | Killed a five-headed hydra
 14797 | Lair:2   | Found a staircase to the Snake Pit.
 15006 | Lair:2   | Reached skill level 18 in Stealth
 15035 | Lair:2   | Reached skill level 5 in Armour
 15738 | Lair:2   | Noticed Puis's ghost (journeyman DgIE)
 15743 | Lair:2   | Noticed a seven-headed hydra
 15778 | Lair:2   | Found a transporter.
 15789 | Lair:2   | Found a transporter.
 16722 | Lair:2   | Reached XP level 13. HP: 80/80 MP: 16/16
 16928 | Lair:3   | Identified a scroll of acquirement
 16941 | Lair:3   | Acquired 913 gold pieces
 16994 | Lair:3   | Reached skill level 5 in Shields
 17000 | Lair:3   | Reached skill level 19 in Stealth
 17193 | Lair:3   | Identified the +7 whip "Satt" {flame, Fragile rElec rF+
                  | Str+3}
 17434 | Lair:3   | Found a staircase to the Shoals.
 18444 | D:9      | Bought the +5 dagger of the Distant Future {speed, Will+
                  | Int+3 Dex+3} for 730 gold pieces
 19616 | Lair:4   | Reached skill level 20 in Stealth
 19836 | Lair:4   | Identified the +2 war axe "Bupezuck" {pain, Contam Int+8}
 20163 | Lair:5   | Entered Level 5 of the Lair of Beasts
 20544 | Lair:5   | Reached XP level 14. HP: 86/86 MP: 17/17
 21123 | Lair:5   | Found a runed translucent door.
 21123 | Lair:5   | Found a viscous altar of Jiyva.
 21123 | Lair:5   | Found a staircase to the Slime Pits.
 21123 | Lair:5   | Noticed an acid blob
 21284 | Lair:5   | Reached skill level 10 in Fighting
 21517 | Lair:5   | Identified the +2 robe of Zodacw {Will+ Regen+}
 22604 | Lair:5   | Identified the +8 rapier of Huseefre {spect, Int+3 SInv}
 22810 | Lair:5   | Identified the ring "Maoni" {Fly rPois Int+6 Dex-2}
 24199 | D:13     | Reached skill level 21 in Stealth
 24515 | D:13     | Reached XP level 15. HP: 13/93 MP: 18/18
 25120 | D:13     | Found a gate to the Vaults.
 26019 | D:14     | Found a shimmering altar of Xom.
 26278 | D:15     | Entered Level 15 of the Dungeon
 26474 | D:15     | Noticed Rupert
 26484 | D:15     | Paralysed by Rupert for 4 turns
 26513 | D:14     | Killed Rupert
 27129 | D:15     | Reached skill level 15 in Dodging
 27606 | D:15     | Demolished by an ettin

Illustrated notes

Levels and vault maps discovered:
D:1:      minmay_arrival_four_loops, layout_basic
D:2:      layout_loops_cross, nicolae_ecumenical_lake_church
D:3:      layout_loops_ring, fiery_altar_vehumet, saegor_snake_ambush,
          uniq_sigmund
D:4:      layout_cave_pools, mainiacjoe_overflow_small_starburst
D:5:      layout_basic, nicolae_shop_vocational
D:6:      layout_basic, kennysheep_mini, minitemple, grunt_ministairs_8,
          uniq_maggie, uniq_blork_the_orc
D:7:      layout_basic, minmay_temple_entry_junction, serial_shops,
          nicolae_shop_hallway_plus, uniq_menkaure, uniq_pikel, uniq_joseph
D:8:      layout_layer_cave, serial_shops, kennysheep_little_box,
          nicolae_shop_firing_range, uniq_prince_ribbit1
D:9:      layout_roguey, grunt_temple_overflow_holy_war,
          grunt_temple_overflow_order_and_chaos_2, serial_shops,
          nicolae_shop_trees, hex_intersection, chequers_serial_rivers_room_b,
          the_hattery
D:10:     layout_basic, nicolae_qazlal_style_of_elements, serial_glass,
          glass_columns_c, glass_columns_b, abandoned_shop, minivault_21,
          kennysheep_small_circle
D:11:     layout_roguey [special_room_orc], lair_entry_dummy, david_orc_5,
          yredelemnul_altar_generic
D:12:     layout_basic, drop_trap, uniq_urug
D:13:     layout_layer_cave, grunt_vaults_entry_tiered
D:14:     layout_big_octagon, xom_teletrap_fun
D:15:     hangedman_depths_entry_civil_slaughter, layout_cave_pools, uniq_rupert
Temple:   corrupted_temple
Lair:1:   layout_gridlike, chequers_serial_rivers_room_a, minivault_23,
          beast_lair_carwin_7
Lair:2:   layout_regular_city, minmay_snake_entry_six_corridors,
          nzn_ghost_randoct, minivault_23
Lair:3:   nzn_winding_woodlands_large [nzn_winding_woodlands_hourglass,
          nzn_winding_woodlands_5x15_eye, nzn_winding_woodlands_5x5_three,
          nzn_winding_woodlands_center_triple_pond,
          nzn_winding_woodlands_15x15_thick_spiral,
          nzn_winding_woodlands_center_diamonds,
          nzn_winding_woodlands_5x5_open_star,
          nzn_winding_woodlands_5x15_sawtooth, nzn_winding_woodlands_5x5_cross],
          layout_small_grid, minmay_shoals_entry_lonely_mermaid
Lair:4:   layout_misc_corridors, minmay_holes, lemuel_fruit_fields,
          lemuel_fruit_fields
Lair:5:   minmay_lair_end_frog_pond, layout_gridlike, slime_entry_2,
          enter_volcano_2, cheibrodos_lair_lostbears, serial_bayou_shore_b

Skill      XL: |  1  2  3  4  5  6  7  8  9 10 11 12 13 14 15 |
---------------+----------------------------------------------+-----
Stealth        | 5 6 7 8 10 11 12 15 17 18 20 21 | 21.9
Fighting       | 1 2 3 4 5 6 8 9 10 | 10.8
Short Blades   | 3 4 5 7 9 10 | 10.0
Dodging        | 3 5 6 7 9 11 13 14 15 | 15.2
Shields        | 1 3 4 5 7 8 |  8.2
Armour         | 1 3 5 6 8 9 |  9.0
Spellcasting   | |  2.0
Hexes          | |  4.4

Action                   |  1- 3 |  4- 6 |  7- 9 | 10-12 | 13-15 || total
-------------------------+-------+-------+-------+-------+-------++-------
Melee: Dagger            |    85 |    75 |   369 |  1064 |   917 ||  2510
       Bite              |     5 |     2 |    48 |   199 |   292 ||   546
       Punch             |     1 |       |       |       |       ||     1
       Quick blade       |       |       |       |       |   548 ||   548
Throw: Javelin           |     2 |       |     3 |       |       ||     5
       Dart              |       |       |       |     3 |    10 ||    13
       Throwing net      |       |       |       |       |     1 ||     1
 Cast: Confusing Touch   |       |     1 |     7 |    11 |     5 ||    24
       Tukima's Dance    |       |       |       |       |     3 ||     3
       Ensorcelled Hiber |       |       |       |       |     2 ||     2
 Abil: Exsanguinate      |     1 |       |       |       |       ||     1
Evoke: Wand              |       |       |       |     2 |     2 ||     4
       Phial of floods   |       |       |       |       |     1 ||     1
  Use: Scroll            |     6 |     2 |     7 |    10 |    21 ||    46
       Potion            |     1 |     1 |     1 |     9 |     7 ||    19
 Stab: Sleeping          |    18 |    13 |    21 |    29 |    38 ||   119
       Confused          |       |       |     6 |     9 |     2 ||    17
       Distracted        |       |       |     1 |     2 |     5 ||     8
       Invisible         |       |       |       |       |     4 ||     4
       Held in net/web   |       |       |       |       |     2 ||     2
Armor: Robe              |     4 |       |       |       |       ||     4
       Leather armour    |    22 |    29 |    47 |       |       ||    98
       Steam dragon scal |       |       |    59 |   143 |   162 ||   364
Dodge: Dodged            |    32 |    60 |   217 |   536 |   987 ||  1832
Block: Buckler           |       |       |       |   144 |   340 ||   484

Table legend: (Time is in decaauts)
 A = Elapsed time spent in this place.
 B = Non-inter-level travel time spent in this place.
 C = Inter-level travel time spent in this place.
 D = Time resting spent in this place.
 E = Time spent auto-exploring this place.
 F = Levels seen in this place.
 G = Mean time per level.
                   A        B        C        D        E       F      G
               +--------+--------+--------+--------+--------+-----+--------+
         Total |  26192 |  25661 |    531 |   5147 |  10293 |  21 | 1247.2 |
       Dungeon |  17700 |  17427 |    273 |   3301 |   7541 |  15 | 1180.0 |
        Temple |     54 |     54 |      0 |      0 |     25 |   1 |   54.0 |
          Lair |   8436 |   8178 |    258 |   1846 |   2727 |   5 | 1687.2 |
               +--------+--------+--------+--------+--------+-----+--------+

Top non-repeatable levels by time:
  Lair:3: 2026 daAuts
  Lair:2: 2016 daAuts
    D:11: 1932 daAuts
     D:6: 1888 daAuts
    D:13: 1776 daAuts
  Lair:5: 1710 daAuts
  Lair:4: 1646 daAuts
     D:5: 1483 daAuts
     D:8: 1444 daAuts
     D:1: 1306 daAuts
     D:9: 1304 daAuts
    D:14: 1187 daAuts
  Lair:1: 1037 daAuts
    D:10: 990 daAuts
     D:2: 820 daAuts
